[Event "FIDE WSCC 50 2022"]
[Site "Assisi"]
[Date "2022.11.15"]
[Round "1.16"]
[White "Sturua, Zurab"]
[Black "Borsuk, Angela"]
[Result "1-0"]
[ECO "D34"]
[WhiteElo "2522"]
[BlackElo "2057"]
[Annotator "TA"]
[PlyCount "73"]
[EventDate "2022.11.14"]
[EventType "swiss"]
[EventCountry "ITA"]
[SourceTitle "playchess.com"]
[Source "ChessBase"]
[SourceQuality "1"]
[TimeControl "40/5400+30:1800+30"]

1. c4 {Alterman,B} c5 2. Nf3 e6 3. d4 d5 4. cxd5 exd5 5. g3 Nc6 6. Bg2 Nf6 7. O-O Be7 8. Nc3 O-O 9. b3 Ne4 10. Bb2 Bf6 11. Na4 Re8 12. Rc1 $1 b6 {D34: Tarrasch Defence: 6 g3 Nf6 7 Bg2 Be7.} 13. Re1 {[%cal Rd4c5] [#]} (13. dxc5 $5 Bxb2 14. Nxb2 $14) 13... Bf5 $146 (13... Ba6 $11) ({Predecessor:} 13... Ba6 14. dxc5 Bxb2 15. Nxb2 bxc5 16. Na4 Qa5 17. Nxc5 Nc3 18. b4 Qxc5 19. bxc5 Nxd1 20. Rexd1 {1-0 (50) Alterman,B (2615)-Gershon,A (2465) Tel Aviv 1999 CBM 071 [Alterman,B]}) 14. dxc5 $14 Bxb2 {White is slightly better.} 15. Nxb2 bxc5 (15... Nxc5 $14 {was preferrable.} 16. Na4 Nxa4 17. Rxc6 Nc5) 16. Na4 $16 Nb4 {[#]} (16... Qd6 17. Nh4 Bd7 18. Bxe4 Rxe4 19. Nxc5 $16) 17. Nh4 (17. a3 $1 $16 Na6 18. Nd2) 17... Be6 $1 $11 18. f3 (18. a3 $14 Na6 19. Bxe4 dxe4 20. Nxc5 Qxd1 21. Rexd1 Nxc5 22. Rxc5) 18... Nd6 19. a3 (19. Nxc5 Nxa2 20. Ra1 Qb6 $15) (19. Rxc5 g5 20. Qd2 a5 $17) 19... Na6 ({Black should play} 19... Na2 $11 20. Rc2 (20. Rxc5 g5 $11) 20... g5) 20. f4 $14 ({But not} 20. Nxc5 $2 Nxc5 21. Rxc5 g5 $19) 20... Ne4 21. Bxe4 (21. Qd3 {looks sharper.} Qa5 22. f5 c4 23. bxc4 Bd7 24. Bxe4 Rxe4 25. Nc3) 21... dxe4 22. Qxd8 Raxd8 23. Nxc5 Nxc5 24. Rxc5 Bxb3 25. Rb1 (25. Nf5 $14) 25... Rd1+ (25... Bd1 $11 {remains equal.}) 26. Rxd1 $16 Bxd1 {[%mdl 4096] Endgame KRB-KRN} 27. Kf2 g6 28. Ng2 Bb3 29. Ne3 Rd8 30. Rb5 Be6 31. g4 f6 (31... Rd6 $14) 32. f5 gxf5 33. gxf5 Bf7 34. Rb7 Bh5 35. Ke1 {Prevents Rd2. White is more active.} a5 36. Ra7 Rb8 {[#]} (36... Kh8 $16 {is a better defense.} 37. a4 (37. Rxa5 Rb8 $16) 37... Rb8) 37. Nd5 $1 {Weighted Error Value: White=0.12 (very precise) /Black=0.23 (precise)} ({Stronger than} 37. Rxa5 Rb2 38. Kf1 (38. Ra8+ Kg7 $11) 38... Rxe2 $11) 1-0

[Event "FIDE WSCC 50 2022"]
[Site "Assisi"]
[Date "2022.11.15"]
[Round "1.17"]
[White "Jhunjhnuwala, Naresh"]
[Black "Danielsen, Henrik"]
[Result "0-1"]
[ECO "A03"]
[WhiteElo "2057"]
[BlackElo "2514"]
[Annotator "TA"]
[PlyCount "78"]
[EventDate "2022.11.14"]
[EventType "swiss"]
[EventCountry "ITA"]
[SourceTitle "playchess.com"]
[Source "ChessBase"]
[SourceQuality "1"]
[TimeControl "40/5400+30:1800+30"]

1. f4 d5 2. Nf3 Bg4 3. e3 Nd7 4. Be2 Ngf6 5. O-O Bxf3 6. Bxf3 {[%cal Oc2c4] A03: Bird's Opening with 1...d5.} e5 7. b3 c6 8. Bb2 {The position is equal.} Bd6 9. g3 {[#]} Qe7 $146 (9... e4 $5 10. Bg2 Qe7 $11) ({Predecessor:} 9... O-O 10. fxe5 Nxe5 11. Bg2 Re8 12. c4 dxc4 13. bxc4 Qd7 14. Qb3 Rad8 15. c5 Bc7 {½-½ (50) Arnold,G (2252)-Reinhart,K (2438) ICCF email 2003}) 10. c4 dxc4 11. bxc4 O-O (11... e4 $5 12. Be2 O-O $11) 12. Nc3 Rfe8 13. d4 exd4 (13... exf4 {seems wilder.} 14. exf4 Qe3+ 15. Kg2 Ba3) 14. exd4 Ba3 15. Bc1 {Against Qe3+} (15. Bxa3 {looks sharper.} Qe3+ 16. Kg2 Qxc3 17. Qb3) 15... Rad8 16. Rb1 (16. Bxa3 $15 Qxa3 17. Qb3) 16... Nb6 (16... Bxc1 $17 17. Qxc1 Nb6) 17. Ne2 $2 {Now White is beyond hope.} (17. Bxa3 $15 Qe3+ 18. Rf2 Qxc3 19. Bc5) 17... Nxc4 $19 18. Qd3 Bxc1 19. Rfxc1 Nb6 20. Rb3 Nbd5 21. Qb1 Rd7 22. Rc2 (22. Kh1 $142) 22... g6 23. Rcb2 Nb6 {Hoping for ...Nc4. Pair of Knights!} 24. a4 Nc4 ({But not} 24... Nxa4 $2 25. Ra2 Nb6 26. Rxa7 $17) 25. Ra2 Nd5 26. a5 b5 27. axb6 axb6 28. Qc1 b5 29. Kf2 Ra7 30. Rxa7 Qxa7 31. Bxd5 cxd5 32. Rxb5 (32. Qc2 $142) 32... Qa2 33. Qe1 Ne3 34. h3 {Prevents Ng4+.} Nf5 {[#] ( -> ...Nxd4)} 35. Rb4 h5 36. g4 hxg4 37. hxg4 Ne3 38. Rb7 {[#]} Ng2 $1 39. Kf1 (39. Ra7 Qc2) 39... Nxe1 {Weighted Error Value: White=1.17/Black=0.34} 0-1

[Event "FIDE WSCC 50 2022"]
[Site "Assisi"]
[Date "2022.11.15"]
[Round "1.18"]
[White "Nevednichy, Vladislav"]
[Black "Fabiano, Giuseppe"]
[Result "1-0"]
[ECO "C41"]
[WhiteElo "2499"]
[BlackElo "2055"]
[Annotator "TA"]
[PlyCount "39"]
[EventDate "2022.11.14"]
[EventType "swiss"]
[EventCountry "ITA"]
[SourceTitle "playchess.com"]
[Source "ChessBase"]
[SourceQuality "1"]
[TimeControl "40/5400+30:1800+30"]

1. e4 d6 2. d4 e5 3. Nf3 exd4 4. Nxd4 Nf6 5. Nc3 g6 6. g3 {C41: Philidor Defence.} (6. Be3 $14) 6... Bg4 (6... Bg7 $11 {keeps the balance.}) 7. f3 $16 Bd7 8. Bg5 {And now Bxf6 would win. White is better.} Bg7 9. Qd2 {[#] White has more active pieces.} Nc6 $146 ({Predecessor:} 9... h6 10. Be3 Nc6 11. Nxc6 bxc6 12. Bc4 Be6 13. Bb3 Nd7 14. f4 Bh3 15. O-O-O O-O {1-0 (33) Lalic,D (2367)-Petkovic,R (2313) Sombor 2008}) 10. Nxc6 Bxc6 11. O-O-O O-O (11... Qe7 $142) 12. h4 h5 {[#]} 13. g4 $1 hxg4 $2 (13... Qe8 $16) 14. h5 $18 ({Inferior is} 14. fxg4 Qd7 $15) 14... gxh5 15. fxg4 h4 16. Qh2 Re8 17. Qxh4 {Threatens to win with Bc4.} Re5 (17... Bxe4 {was worth a try.} 18. Rh3 (18. Nxe4 Rxe4 19. Rd3 c6 $16) 18... Re5) 18. Bc4 {Strongly threatening Rdf1.} Rxg5 19. Qxg5 {Chess con chili.} Nxe4 $2 {[#]} (19... b5 $18) 20. Rh8+ $3 {[%mdl 33280] Black did not feel at home in the position after the opening.  Weighted Error Value: White=0.20 (precise) /Black=0.93. Loss on time!?} 1-0

[Event "FIDE WSCC 50 2022"]
[Site "Assisi"]
[Date "2022.11.15"]
[Round "1.19"]
[White "Battistella, Stefano"]
[Black "Morovic Fernandez, Ivan"]
[Result "0-1"]
[ECO "D45"]
[WhiteElo "2046"]
[BlackElo "2480"]
[Annotator "TA"]
[PlyCount "46"]
[EventDate "2022.11.14"]
[EventType "swiss"]
[EventCountry "ITA"]
[SourceTitle "playchess.com"]
[Source "ChessBase"]
[SourceQuality "1"]
[TimeControl "40/5400+30:1800+30"]

1. c4 e6 2. Nf3 d5 3. e3 Nf6 4. b3 c6 5. Nc3 Bd6 6. Qc2 O-O 7. d4 Nbd7 8. Be2 b6 9. Bb2 Bb7 10. O-O Re8 11. Rfd1 Qe7 12. a4 {D45: Semi-Slav: 5 e3.} a5 13. h3 Rac8 {[#]} 14. e4 $146 {The position is equal.} ({Predecessor:} 14. Rac1 h6 15. Bd3 Bb8 16. Bf1 e5 17. dxe5 Nxe5 18. Nd4 dxc4 19. bxc4 c5 20. Nf5 {½-½ (46) Laine,E (1971)-Horodyskyi,O (2027) ICCF email 2020}) 14... Nxe4 15. Nxe4 dxe4 16. Qxe4 Nf6 17. Qh4 c5 18. dxc5 Bxc5 19. Bd3 {Prevents Ne4.} Ne4 20. Qh5 $2 {[%mdl 8192] [#] This move loses the game for White.} (20. Qxe7 $11 Bxe7 21. Bc2) 20... Bxf2+ $19 {Black is clearly winning.} 21. Kh2 Rc5 ({Stronger than} 21... f5 22. Bxe4 Bxe4 23. Ng5 $17) 22. Qg4 Qc7+ 23. Ne5 Rxe5 {Weighted Error Value: White=1.68/Black=0.03 (flawless)} 0-1

[Event "FIDE WSCC 50 2022"]
[Site "Assisi"]
[Date "2022.11.15"]
[Round "1.20"]
[White "Bischoff, Klaus"]
[Black "Mazzamuto, Nicola"]
[Result "1-0"]
[ECO "B00"]
[WhiteElo "2479"]
[BlackElo "2046"]
[Annotator "TA"]
[PlyCount "71"]
[EventDate "2022.11.14"]
[EventType "swiss"]
[EventCountry "ITA"]
[SourceTitle "playchess.com"]
[Source "ChessBase"]
[SourceQuality "1"]
[TimeControl "40/5400+30:1800+30"]

1. d4 b6 2. e4 Bb7 3. Bd3 e6 4. Nf3 Ne7 5. c4 d6 6. Nc3 {B00: Queen's Fianchetto Defence, Nimzowitsch Defence.} Nd7 7. d5 e5 8. h4 {White is better.} h5 (8... Ng8 $14) 9. Ng5 $16 Ng6 10. g3 ({Much weaker is} 10. Qa4 $6 Nxh4 11. Rxh4 Be7 $11) 10... Nf6 {[#]} 11. Be2 $146 ({Predecessor:} 11. f4 Bc8 12. f5 Ne7 13. Be2 Neg8 14. O-O Bd7 15. Be3 Be7 16. b4 a5 17. a3 {1-0 (32) Sveshnikov,E (2507)-Kovacic,P (2199) Bled 2005}) 11... Bc8 12. Be3 Be7 13. f3 {White has more active pieces. The black rooks are badly placed.} Nf8 14. Qd2 Bd7 15. O-O-O Qc8 16. Kb1 g6 (16... Ng6 $16) 17. Rdg1 a6 18. a3 N8h7 19. Bd1 b5 (19... Rb8 $16 20. Rf1 O-O) 20. cxb5 $18 axb5 21. Na2 $1 Kf8 22. Nb4 Kg8 23. Be2 Ne8 24. Rc1 Bxg5 (24... f6 $142) 25. hxg5 Nf8 26. f4 Qd8 27. Nc6 Bxc6 28. Rxc6 ({Resist} 28. dxc6 $6 exf4 29. gxf4 Qe7 $18) 28... Rb8 29. f5 Nd7 30. f6 Rb7 31. g4 b4 32. axb4 Qb8 (32... h4 $142 33. Ra6 Qb8) 33. b5 (33. gxh5 $142 Ndxf6 34. gxf6 Nxf6 35. Rc4) 33... hxg4 $2 (33... h4 {might work better.} 34. Rh3 Rh7) 34. Rxh8+ Kxh8 35. Bxg4 Rxb5 36. Bxd7 {Weighted Error Value: White=0.27 (precise) /Black=0.64} (36. Qh2+ $142 Kg8 37. Bxd7 Qa8 {[#]} 38. Be6 $1 fxe6 39. f7+ Kxf7 40. Qh7+ Kf8 41. dxe6 $1) 1-0

[Event "FIDE WSCC 50 2022"]
[Site "Assisi"]
[Date "2022.11.15"]
[Round "1.21"]
[White "Kirszenberg, Marc"]
[Black "Holzke, Frank"]
[Result "0-1"]
[ECO "E20"]
[WhiteElo "2043"]
[BlackElo "2476"]
[Annotator "TA"]
[PlyCount "77"]
[EventDate "2022.11.14"]
[EventType "swiss"]
[EventCountry "ITA"]
[SourceTitle "playchess.com"]
[Source "ChessBase"]
[SourceQuality "1"]
[TimeControl "40/5400+30:1800+30"]

1. d4 Nf6 2. c4 e6 3. Nc3 Bb4 4. f3 d5 5. a3 Be7 6. e4 O-O (6... dxe4 $11 7. fxe4 e5) 7. e5 {E20: Nimzo-Indian: 4 g3 and 4 f3.} Nfd7 8. cxd5 Nb6 9. dxe6 {White is better.} Bxe6 {[#]} 10. f4 $146 (10. Be3 $1 $16) ({Predecessor:} 10. Be3 Nc6 11. f4 Na5 12. Nf3 Bb3 13. Qd3 Nbc4 14. Qe4 Nxb2 15. Rb1 Nbc4 16. Bd3 g6 17. Rxb3 Nxe3 18. Rb1 Nxg2+ 19. Kf1 Nh4 20. Nxh4 Bxh4 {½-½ (20) Marin,M (2505)-Stoica,V (2435) Romania 1992}) 10... c5 $14 11. Nf3 (11. dxc5 {keeps more tension.} Bxc5 12. Nf3 Nc6 13. Bd3) 11... Nc6 12. dxc5 Qxd1+ (12... Bxc5 {seems wilder.} 13. Bd3 f6 14. Ne4 Qd5) 13. Nxd1 Nd5 14. Be3 Nxe3 15. Nxe3 Bxc5 16. Kf2 (16. Nc4 $11) 16... Ne7 {Black is more active.} 17. Ke2 f6 18. g3 fxe5 19. Nxe5 g5 20. Bg2 {Prevents Nd5.} gxf4 21. gxf4 Ng6 (21... Rae8 $5 22. b4 Bd4 $17) 22. Nxg6 hxg6 23. Rac1 (23. Bxb7 $2 Rab8 24. f5 gxf5 25. Rhg1+ Kh8 $19) 23... Bd4 {[%mdl 1024] Black has compensation.} 24. Nd5 $2 (24. f5 $15 gxf5 25. Rhd1) 24... Bc5 $4 25. Ne3 (25. Rxc5 $18 Rad8 26. Be4) 25... Bd4 $2 (25... Bb6 $11) 26. Nd5 $1 $19 {[#]} Rad8 $1 ({Stronger than} 26... Bxb2 27. Rc7 $15) 27. Nc7 Bb3 {Threatens to win with ...Rd7.} 28. Bxb7 Bxb2 $2 {This bishop pair is nice.} (28... Rxf4 $19 {Strongly threatening ...Rf7.} 29. Rhd1 Rd7 30. Rxd4 Rfxd4) 29. Rc6 $15 Rxf4 {...Rd7 is the strong threat.} 30. Rb1 $1 {[#]} Rdf8 $1 31. Rxg6+ Kh7 {( -> ...Bc4+)} 32. Ne6 Re8 $17 33. Bc6 (33. Rxb2 $17 Kxg6 34. Rxb3 Rxe6+ 35. Kd3) 33... Re7 $19 34. Ke3 Rh4 35. Be4 {[#]} (35. Rxb2 {is the only way for White.} Kxg6 36. Be4+ Rxe4+ 37. Kxe4 Bxe6 38. Kd4) 35... Rxe4+ $1 {[%mdl 576] Decoy. Black is clearly winning.} 36. Kxe4 Bc2+ {[%mdl 64] Skewer, Double Attack} (36... Kxg6 $2 {perishes.} 37. Rxb2 Bxe6 38. Rb4 $19) 37. Kd5 {And now Nf8+ would win.} Bxb1 38. Rg3 (38. Nf8+ $142 Kh8 39. Rg3) 38... Ba2+ 39. Ke4 {Weighted Error Value: White=0.65/Black=0.27 (precise)} 0-1

[Event "FIDE WSCC 50 2022"]
[Site "Assisi"]
[Date "2022.11.15"]
[Round "1.22"]
[White "Pavlovic, Milos"]
[Black "Faraoni, Enrico"]
[Result "1-0"]
[ECO "A90"]
[WhiteElo "2447"]
[BlackElo "2043"]
[Annotator "TA"]
[PlyCount "31"]
[EventDate "2022.11.14"]
[EventType "swiss"]
[EventCountry "ITA"]
[SourceTitle "playchess.com"]
[Source "ChessBase"]
[SourceQuality "1"]
[TimeControl "40/5400+30:1800+30"]

1. d4 e6 2. g3 f5 3. Bg2 Nf6 4. c4 Bb4+ 5. Bd2 a5 6. Nf3 O-O {A90: Dutch Defence: Miscellaneous and Modern Stonewall (with ...Bd6).} 7. O-O Ne4 8. Be3 {[#] Hoping for c5.} a4 $146 ({Predecessor:} 8... Be7 9. Nfd2 Nf6 10. f3 d6 11. Nc3 e5 12. d5 Na6 13. a3 Bd7 14. Bf2 g5 {0-1 (42) Ovchinnikov,V (2248)-Neizvestnykh,V (2141) Kazan 2015}) 9. Qc2 Qe8 10. Ne5 Nf6 11. c5 {[#] aiming for Nd3. White has more active pieces.} d6 12. Nd3 Na6 13. Qc4 Nd5 14. Bd2 dxc5 15. dxc5 Bxd2 16. Nxd2 {Weighted Error Value: White=0.08 (flawless) /Black=0.14 (very precise)} 1-0

[Event "FIDE WSCC 50 2022"]
[Site "Assisi"]
[Date "2022.11.15"]
[Round "1.23"]
[White "Wollenweber, Carsten"]
[Black "Lima, Darcy"]
[Result "0-1"]
[ECO "D05"]
[WhiteElo "2033"]
[BlackElo "2415"]
[Annotator "TA"]
[PlyCount "112"]
[EventDate "2022.11.14"]
[EventType "swiss"]
[EventCountry "ITA"]
[SourceTitle "playchess.com"]
[Source "ChessBase"]
[SourceQuality "1"]
[TimeControl "40/5400+30:1800+30"]

1. Nf3 c5 2. b3 Nf6 3. Bb2 e6 4. e3 d5 5. d4 cxd4 6. exd4 Bb4+ {D05: Colle System with ...e6.} 7. c3 Bd6 8. Bd3 O-O {The position is equal.} 9. Nbd2 Nc6 10. O-O e5 11. dxe5 Nxe5 12. Nxe5 Bxe5 13. Nf3 Bg4 14. h3 Bxf3 15. Qxf3 Rc8 16. Rfe1 Re8 {[#]} 17. Re2 $146 ({Predecessor:} 17. Rad1 Qa5 18. a4 a6 19. Bf5 Rcd8 20. Re2 Qb6 21. Bc2 Ne4 22. Rde1 g6 23. Bxe4 dxe4 24. Rxe4 Qxb3 {½-½ (48) Venkat,R (2167)-Baryshpolets,A (2569) Chess.com INT 2020}) 17... Qd6 18. Rae1 Kf8 19. Bb5 Re6 20. Qf5 g6 $1 21. Qg5 Ne4 22. Qc1 Kg8 23. Rc2 $2 (23. Bd3 $1 $11 {and White is okay.}) 23... Bh2+ $1 $19 24. Kh1 d4 $2 (24... Bf4 $1 $19 25. Qd1 d4) 25. cxd4 $2 {[%mdl 8192] [#]} (25. Ba3 $11 {and White has nothing to worry.} Qf4 26. Bd7 Rxc3 27. Qxf4 Bxf4 28. Bxe6 Rxc2 29. Rxe4) 25... Nxf2+ (25... Ng3+ $142 $1 26. fxg3 (26. Kxh2 $2 {leads to mate.} Nf1+ 27. Kg1 Qh2+ 28. Kxf1 Qh1#) 26... Rxe1+ 27. Qxe1 Rxc2) 26. Rxf2 Rxc1 {Really sharp!} 27. Rxc1 {[#]} Re7 $1 28. Bc4 Kg7 29. Rcf1 f5 30. g4 Bg3 31. Re2 (31. Rf3 fxg4 32. hxg4) 31... Rxe2 {Black is clearly winning.} 32. Bxe2 Qe7 33. Bf3 fxg4 34. d5+ Kh6 35. Bxg4 Qe4+ 36. Bf3 Qc2 37. Bc1+ Kg7 38. Bg2 Qxa2 39. Rf3 Qa1 40. Rf1 Qc3 41. Ba3 Be5 42. Bf8+ Kg8 {aiming for ...Qg3.} 43. Rf3 {Against Qg3} Qe1+ 44. Bf1 Qd2 45. Bg2 Qd1+ 46. Rf1 Qxb3 47. Bc5 b6 48. Bg1 a5 49. Re1 Qb2 {White must now prevent ...a4.} 50. Bh2 Bxh2 51. Kxh2 {[%mdl 4096] Endgame KQ-KRB} Qb4 52. Re6 Kf7 53. Rc6 Ke7 {...a4 is the strong threat.} 54. Rc7+ Kd6 55. Rxh7 a4 56. Ra7 a3 {Weighted Error Value: White=0.89/Black=0.34} 0-1

[Event "FIDE WSCC 50 2022"]
[Site "Assisi"]
[Date "2022.11.15"]
[Round "1.24"]
[White "Antic, Dejan"]
[Black "Cmiel, Thorsten"]
[Result "1-0"]
[ECO "A57"]
[WhiteElo "2412"]
[BlackElo "2027"]
[Annotator "TA"]
[PlyCount "47"]
[EventDate "2022.11.14"]
[EventType "swiss"]
[EventCountry "ITA"]
[SourceTitle "playchess.com"]
[Source "ChessBase"]
[SourceQuality "1"]
[TimeControl "40/5400+30:1800+30"]

1. d4 Nf6 2. c4 c5 3. d5 b5 4. cxb5 a6 5. b6 e6 6. Nc3 Nxd5 7. Nxd5 exd5 8. Qxd5 Nc6 9. e4 Be7 10. Nf3 Rb8 11. Bc4 O-O 12. Qh5 Rxb6 13. O-O d6 14. Rd1 {A57: Benko/Volga Gambit.} Be6 15. Bxe6 fxe6 16. Qg4 {The position is equal.} e5 17. Be3 Qc8 18. Qxc8 Rxc8 19. b3 {[#]} Kf7 $146 ({Predecessor:} 19... Nd4 20. Nd2 Kf7 21. Nc4 Rbc6 22. g3 Ne2+ 23. Kg2 Nc3 24. Rd3 Nxe4 25. Rad1 Ke6 {1-0 (73) Martirosyan,H (2461)-Carnicelli,V (2244) Prague 2016}) 20. Nd2 Ke6 21. Nc4 Rb5 22. g3 Na5 $2 {[%mdl 8192] [#]} (22... Nd4 $11 {and Black has nothing to worry.}) 23. Nxa5 $1 $18 ({Less strong is} 23. a4 Nxc4 24. axb5 Nxe3 25. fxe3 axb5 $16) 23... Rxa5 24. a4 {Against Rb5.   Weighted Error Value: White=0.07 (flawless) /Black=0.39} 1-0

[Event "FIDE WSCC 50 2022"]
[Site "Assisi"]
[Date "2022.11.15"]
[Round "1.25"]
[White "Tunge, Christian"]
[Black "Novik, Maxim"]
[Result "0-1"]
[ECO "A36"]
[WhiteElo "2022"]
[BlackElo "2412"]
[Annotator "TA"]
[PlyCount "74"]
[EventDate "2022.11.14"]
[EventType "swiss"]
[EventCountry "ITA"]
[SourceTitle "playchess.com"]
[Source "ChessBase"]
[SourceQuality "1"]
[TimeControl "40/5400+30:1800+30"]

1. c4 c5 2. g3 g6 3. Bg2 Bg7 4. Nc3 Nc6 5. a3 e6 6. Rb1 Nge7 $1 {6...Nge7 is better than 6...a5.} 7. b4 cxb4 8. axb4 d5 {A36: Symmetrical English vs ...g6: 4 Bg2 Bg7.} 9. b5 Na5 10. cxd5 exd5 {White has an edge.} 11. Ba3 d4 12. Bxe7 Qxe7 13. Nd5 Qd8 14. b6 O-O 15. Nc7 $1 $36 {[%mdl 2048] Black is under pressure. Pair of Knights!} Bf5 {[#]} 16. Rb5 $146 ({Predecessor:} 16. Nxa8 Bxb1 17. Qxb1 Qxa8 18. bxa7 Rc8 19. Nh3 Qxa7 20. O-O Qc5 21. Nf4 Bh6 22. Nd3 {1-0 (36) Lobo Rodriguez,J (2103)-Chueca Lorente,J (2144) Linares 2019}) 16... Rc8 17. Rxa5 axb6 {[#]} 18. Rxf5 gxf5 19. Nd5 d3 $1 20. exd3 {Hoping for Ne2.} Ra8 ({Black should try} 20... Rc5 $14) 21. Ne2 $2 (21. Ke2 $18) 21... Ra1 $15 22. Nc1 {Black must now prevent 0-0.} Re8+ 23. Ne3 {aiming for 0-0.} Bb2 24. O-O Rxc1 25. Qh5 Rxf1+ ({But not} 25... Qxd3 26. Rxc1 Bxc1 27. Bd5 $16) 26. Bxf1 Qf6 27. Qf3 (27. Nxf5 $11 Re5 28. Bh3) 27... f4 $17 28. Nd5 Qc6 {Threatens to win with ...Bg7.} 29. Qg4+ Kh8 30. Nxf4 Re1 (30... Bd4 $15) 31. Nh5 {[#]} (31. Ng2 $11 {remains equal.} Rc1 32. Ne3) 31... Qc1 {Black is more active.} (31... Qc5 $1 $17 32. Kg2 Rc1) 32. Qh3 $2 (32. d4 $11 {and White has nothing to worry.} Rxf1+ 33. Kg2 Rxf2+ 34. Kxf2 Qxd2+ 35. Kf1 Qc1+ 36. Kg2 Qc6+ 37. Kg1 Qc1+ 38. Kg2 Qc6+ 39. Kg1 Qc1+ 40. Kg2) 32... b5 {[%cal Bb6b5,Bb5b4,Bb4b3][%mdl 32] Strongly threatening ...Bd4. Black is clearly winning.} 33. g4 (33. Nf4 $142 Bd4 34. Nd5) 33... b4 34. d4 {Inhibits Be5.} Bxd4 35. Qd3 {[#]} Rxf1+ $1 36. Qxf1 Qxf1+ 37. Kxf1 b3 {Weighted Error Value: White=0.91/Black=0.27 (precise)} 0-1

[Event "FIDE WSCC 50 2022"]
[Site "Assisi"]
[Date "2022.11.15"]
[Round "1.26"]
[White "Arkell, Keith C"]
[Black "Balzer, Lars"]
[Result "1/2-1/2"]
[ECO "E62"]
[WhiteElo "2408"]
[BlackElo "2020"]
[Annotator "TA"]
[PlyCount "98"]
[EventDate "2022.11.14"]
[EventType "swiss"]
[EventCountry "ITA"]
[SourceTitle "playchess.com"]
[Source "ChessBase"]
[SourceQuality "1"]
[TimeControl "40/5400+30:1800+30"]

1. d4 g6 2. c4 Bg7 3. Nc3 d6 4. g3 Nf6 5. Bg2 O-O 6. Nf3 c6 7. O-O Qa5 8. e4 Bg4 9. h3 Bxf3 10. Bxf3 e5 {[#]} 11. d5 $1 cxd5 {E62: King's Indian: Fianchetto: 6...c6 and Panno Variation (6...Nc6) without ...a6.} 12. cxd5 Rc8 13. Be3 a6 {White is better.} 14. Qb3 (14. g4 $16) 14... Nbd7 $14 {[#]} 15. Rfc1 $146 (15. Qxb7 $2 {perishes.} Rab8 16. b4 (16. Qa7 $2 Rc7 $19) 16... Qa3 $19) ({Predecessor:} 15. a4 Rc7 16. Qa3 Rc4 17. Rfc1 Rac8 18. Rab1 Qb4 19. Qxb4 Rxb4 20. b3 b5 21. a5 {1-0 (52) Bratuszewski,J (2076)-Marchal,L (1898) Blankenberge 2017}) 15... h5 16. Qd1 ({Inferior is} 16. Qxb7 Rab8 17. b4 Qa3 $17) 16... Qd8 17. a4 Kh7 18. a5 Bh6 $1 19. Bxh6 Kxh6 20. Qd2+ Kg7 21. Na4 Rxc1+ 22. Rxc1 Rc8 23. b4 (23. Rxc8 {simplifies} Qxc8 24. b3 Qb8 25. h4) 23... Nh7 24. h4 Nhf6 (24... Rxc1+ {simplifies} 25. Qxc1 Nhf6 26. Nb2 Qb8) 25. Bg2 Ng4 26. f3 Nh6 27. Bh3 Rxc1+ 28. Qxc1 Ng8 29. Nb2 Ngf6 30. Nd3 Qb8 31. Kg2 {White is more active.} Kf8 32. f4 Kg7 33. Bxd7 (33. Nf2 $14) 33... Nxd7 $11 {The position is equal.} 34. fxe5 Nxe5 35. Nxe5 dxe5 $14 {[%mdl 4096] Endgame KQ-KQ} 36. Qc5 {[#] Threatens to win with d6.} Qe8 $1 37. d6 {And now Qd5 would win.} Qe6 38. Kg1 Kg8 $1 39. Kf1 Qh3+ 40. Ke2 Qg2+ 41. Kd3 Qf1+ 42. Kd2 {[%cal Od6d7] d7! is the strong threat.} Qg2+ 43. Kc3 {Black must now prevent d7.} Qf3+ 44. Kb2 {Hoping for d7.} Qe2+ 45. Kb3 Qd3+ 46. Qc3 Qxd6 {Strongly threatening ...Kg7.} 47. Qc8+ Kg7 48. Qxb7 Qd3+ 49. Kb2 Qd2+ {Weighted Error Value: White=0.08 (flawless) /Black=0.06 (flawless)} 1/2-1/2

[Event "FIDE WSCC 50 2022"]
[Site "Assisi"]
[Date "2022.11.15"]
[Round "1.27"]
[White "Ceccarini, Marco"]
[Black "Bellia, Fabrizio"]
[Result "1/2-1/2"]
[ECO "B32"]
[WhiteElo "2014"]
[BlackElo "2398"]
[Annotator "TA"]
[PlyCount "119"]
[EventDate "2022.11.14"]
[EventType "swiss"]
[EventCountry "ITA"]
[SourceTitle "playchess.com"]
[Source "ChessBase"]
[SourceQuality "1"]
[TimeControl "40/5400+30:1800+30"]

1. e4 c5 2. Nf3 Nc6 3. d4 cxd4 4. Nxd4 e5 5. Nb5 d6 6. N1c3 a6 7. Na3 b5 8. Nd5 Nge7 9. c4 Nd4 10. Be3 Nxd5 11. cxd5 Be7 12. Bd3 O-O 13. O-O Bd7 {B32: Sicilian: Löwenthal and Kalashnikov Variations.} 14. Nc2 (14. Rc1 {seems wilder.} Rc8 15. Qd2 f5 16. Bxd4 exd4 17. exf5 Bxf5 18. Rc6) 14... Nxc2 $1 {The position is equal.} 15. Qxc2 Bg5 16. Qd2 Bxe3 17. Qxe3 {[#]} a5 $146 ({Predecessor:} 17... Qa5 18. a3 Rfc8 19. h4 Qd8 20. g3 Rc5 21. Rac1 Rac8 22. Rxc5 Rxc5 23. Rc1 Qc7 24. Rxc5 dxc5 {1-0 (45) Shtyka,S (2175)-Krishnan,V (2228) Chess.com INT 2021}) 18. a3 a4 19. b4 axb3 20. Rfb1 Qa5 21. Rxb3 Rfc8 22. Rab1 Rc5 23. h3 h6 24. Qe2 Rb8 25. Qe1 Qxe1+ 26. Rxe1 Ra8 27. Reb1 Ra5 28. f3 Kf8 29. h4 Ke7 30. Kf2 f5 31. g3 h5 32. Ke3 fxe4 33. fxe4 Be8 34. Kf2 Bg6 35. Ke3 Be8 36. Kf2 Bd7 37. Ke3 g6 38. Kf2 Ra4 39. Ke3 Rc7 40. Kf2 Rc8 41. Ke3 Ra7 42. Kf2 Kf6 43. Ke3 Kg7 44. Kf2 Rf8+ 45. Ke3 Rc8 46. Kf2 Ra4 47. Ke3 Ra5 48. Kf2 Rf8+ 49. Ke3 Bg4 {Strongly threatening ...Rf3+.} 50. Rf1 {Inhibits Rf3+.} Rxf1 51. Bxf1 $11 {[%mdl 4096] Endgame KRB-KRB} Bd7 52. Bd3 Kf6 53. Be2 Ke7 54. Bd3 Kd8 55. Kf2 Kc7 56. Ke3 Kb6 57. Kf2 Ra7 58. Ke3 Ka5 59. Rc3 Kb6 60. Rb3 {Not much happened in this game.  Weighted Error Value: White=0.02 (flawless) /Black=0.01 (flawless)} 1/2-1/2